 Dungeon Crawl Stone Soup version 0.31-a0-426-g3a05650e59 (webtiles) character file.

Game seed: 14861992173118711301

12218 Zonian the Fighter (level 11, -7/95 HPs)
             Began as a Barachi Shapeshifter on July 31, 2023.
             Was an Initiate of Gozag.
             Mangled by an azure jelly (shapeshifter) (30 damage)
             ... on level 9 of the Dungeon.
             The game lasted 00:27:04 (14674 turns).

Zonian the Fighter (Barachi Shapeshifter)          Turns: 14674, Time: 00:27:06

Health: -7/95      AC:  2    Str: 20    XL:     11   Next: 89%
Magic:  0/11       EV: 20    Int:  8    God:    Gozag
Gold:   570        SH:  0    Dex: 20    Spells: 10/10 levels left

rFire   . .          .
                       - Unarmed
rCold   . . .        (no shield)
rNeg    . . .        a - +0 animal skin
rPois   +            (helmet currently unavailable)
rElec   .            (cloak currently unavailable)
rCorr   .            (gloves currently unavailable)
SInv    .            (boots currently unavailable)
Will    .....        s - amulet of guardian spirit
Stlth   ++           j - +6 ring of dexterity
HPRegen 0.35/turn    x - ring of poison resistance
MPRegen 0.12/turn

%: guardian spirit
@: beast-form, slow
A: beast (slay +7), amphibious, slowness 1, strong legs 1, +LOS
a: Hop, Begin Untransformation, Renounce Religion, Potion Petition, Call
Merchant, Bribe Branch


You were on level 9 of the Dungeon.
You worshipped Gozag.
Gozag was pleased with you.
You were a hulking beast.
You visited 1 branch of the dungeon, and saw 9 of its levels.
You also visited: Sewer.

You collected 2528 gold pieces.
You spent 470 gold pieces at shops.
You paid 1488 gold pieces to Gozag.

Inventory:

Hand Weapons
 p - the +5 dire flail of Midnight {speed, Int+2 Dex+2}
   (You found it on level 5 of the Dungeon)

   Int:       It affects your intelligence (+2).
   Dex:       It affects your dexterity (+2).
 F - a +0 scimitar of flaming
Missiles
 z - 29 poisoned darts
Armour
 a - a +0 animal skin (worn)
 g - a +1 helmet
Jewellery
 j - a +6 ring of dexterity (left hand)
 s - an amulet of guardian spirit (around neck)
 v - a ring of protection from cold
 x - a ring of poison resistance (right hand)
 A - an amulet of the acrobat
 E - an amulet of magic regeneration
Talismans
 c - a beast talisman (active)
Wands
 d - a wand of roots (7)
 f - a wand of mindburst (9)
 y - a wand of charming (9)
Scrolls
 e - 3 scrolls of noise
 h - 3 scrolls of amnesia
 l - 2 scrolls of immolation
 m - 3 scrolls of vulnerability
 n - 3 scrolls of enchant armour
 o - a scroll of teleportation
 r - a scroll of fog
 t - 4 scrolls of poison
 w - a scroll of identify
 B - a scroll of revelation
Potions
 b - a potion of lignification
 i - a potion of mutation
 k - 5 potions of enlightenment
 q - a potion of attraction
 u - 2 potions of invisibility
 C - a potion of haste
 D - a potion of brilliance


   Skills:
 + Level 12.2 Fighting
 + Level 11.4 Dodging
 + Level 11.6 Unarmed Combat
 + Level 10.0 Shapeshifting


You had 10 spell levels left.
You didn't know any spells.
Your spell library contained the following spells:

 Spells                   Type           Power      Damage    Failure   Level
 Chain Lightning          Conj/Air       0%         N/A       100%        9
 Fire Storm               Conj/Fire      0%         5d1       100%        9
 Shatter                  Erth           0%         3d5*      100%        9


Dungeon Overview and Level Annotations

Branches:
Dungeon (9/15)             Temple (0/1) D:5             Orc (0/2) D:9
  Sewer (visited)
   Lair: D:8-11

Altars:
Ashenzari
Cheibriados
Gozag
Hepliaklqana
Sif Muna
Uskayaw
The Shining One

Shops:
D:4 *   D:5 =

Annotations:
D:4 1 runed translucent door, Crazy Yiuf
D:8 1 runed translucent door, Gelion's ghost, novice OpSh


Innate Abilities, Weirdness & Mutations

You are a hulking beast.
Your limbs bulge with bestial killing power. (Slay +7)
You are amphibious.
You cover ground slowly.
You can hop short distances.
You have an extended range of vision and can be seen from far away.


Message History

The yak bellows!
The yak moves out of view.
A radroach comes into view.
Unknown command.
The radroach changes into a death yak!
You pummel the yak!!
The yak is severely wounded.
The yak closely misses you.
You pummel the yak!!
You kill the yak!
You now have 570 gold pieces (gained 14).
There is an open door here.
You close the door.
Unknown command.
You start waiting.
You hear a slurping noise.
The azure jelly eats the door!
An azure jelly comes into view.
The azure jelly misses you. The azure jelly hits you!
The azure jelly freezes you! The azure jelly hits you.
The azure jelly misses you.
You hit the azure jelly.
The azure jelly is lightly wounded.
The azure jelly misses you. The azure jelly hits you!
The azure jelly freezes you!! The azure jelly completely misses you.
The azure jelly hits you but does no damage.
You punch the azure jelly!
The azure jelly is lightly wounded.
You punch the azure jelly!
The azure jelly is moderately wounded.
The azure jelly barely misses you. The azure jelly misses you.
The azure jelly barely misses you. The azure jelly hits you!
Unknown command.
You closely miss the azure jelly.
The azure jelly is moderately wounded.
The azure jelly hits you!
* * * LOW HITPOINT WARNING * * *
The azure jelly freezes you!!
You die...
Your body crumbles into a pile of gold.

...........##.#.....##.#.
...........##...#..###...
............##.####.#
##.# $
...........##..###... ###
...........####.###.## #
...........###.##########
...........Y.............
########J###.........(...
##h####.......#.... $
#...# ##Y.......... $
##.## #........... #.# $
#...........
..........o.##$.#...##...
##.##.##.##.##..###......
# #.# $##........... $
$.$ #Y.[........ ###
##..###.###..


You could see an azure jelly.

Vanquished Creatures
  2 two-headed ogres
  Pikel (D:4)
  A cyclops (D:9)
  A manticore (D:9)
  A kobold demonologist (D:9)
  An efreet (D:9)
  2 trolls (D:9)
  3 wraiths (D:9)
  Eustachio (D:6)
  11 yaks
  2 steam dragons
  A vampire mosquito (D:9)
  Menkaure (D:4)
  An acid dragon (D:5)
  4 water moccasins
  An orc warrior (D:6)
  2 sky beasts (D:7)
  A black bear (D:6)
  2 ice beasts
  5 ogres
  3 centaurs
  3 lemures (D:4)
  5 kobold brigands
  2 bullfrogs
  4 scorpions
  18 wights
  14 killer bees
  2 howler monkeys
  4 jellies
  A hound (D:5)
  3 orc priests
  4 iguanas
  2 sleepcaps
  10 orc wizards
  Robin (D:2)
  A gnoll (D:7)
  13 river rats
  13 adders
  A shadow imp (D:5)
  A white imp (D:7)
  2 ufetubi
  A worm (D:2)
  2 dart slugs
  19 orcs
  16 ball pythons
  3 endoplasms
  4 giant cockroaches
  19 goblins
  13 hobgoblins
  11 quokkas
  5 bats
  8 frilled lizards
  39 kobolds
  29 rats
  A spectral hobgoblin (D:5)
321 creatures vanquished.

Notes
Turn   | Place    | Note
-------+----------+-------------------------------------------
     0 | D:1      | Zonian the Barachi Shapeshifter began the quest for the
                  | Orb.
     0 | D:1      | Reached XP level 1. HP: 15/15 MP: 1/1
   381 | D:1      | Reached XP level 2. HP: 21/21 MP: 2/2
   696 | D:1      | Found a faded altar of an unknown god.
   912 | D:2      | Reached skill level 2 in Fighting
   942 | D:2      | Reached XP level 3. HP: 27/27 MP: 3/3
  1056 | D:2      | Noticed Robin
  1119 | D:2      | Killed Robin
  1138 | D:2      | Reached XP level 4. HP: 21/34 MP: 4/4
  2292 | D:3      | Reached skill level 3 in Fighting
  2292 | D:3      | Reached XP level 5. HP: 35/41 MP: 5/5
  2357 | D:3      | Found an opulent altar of Gozag.
  2459 | D:3      | Became a worshipper of Gozag Ym Sagoz the Greedy
  2597 | D:3      | Found a broken altar of Ashenzari.
  3435 | D:4      | Found a glowing drain.
  3481 | Sewer    | Entered a sewer
  3925 | Sewer    | Reached XP level 6. HP: 31/47 MP: 6/6
  4237 | D:4      | Noticed Menkaure
  4243 | D:4      | HP: 2/48 [Menkaure (11)]
  4246 | D:4      | Noticed Pikel
  4251 | D:4      | Killed Menkaure
  4252 | D:4      | Reached skill level 4 in Fighting
  4254 | D:4      | HP: 2/48 [ball python (1)]
  4810 | D:4      | Reached skill level 8 in Fighting
  4810 | D:4      | Reached XP level 7. HP: 44/63 MP: 7/7
  5049 | D:4      | Reached skill level 10 in Fighting
  5049 | D:4      | Reached XP level 8. HP: 71/72 MP: 8/8
  5050 | D:4      | Found Rod Cono's CLEARANCE SALE!.
  5062 | D:4      | Bought a scroll of poison for 20 gold pieces
  5180 | D:4      | Killed Pikel
  5181 | D:4      | Reached XP level 9. HP: 46/78 MP: 9/9
  5763 | D:4      | Found a runed translucent door.
  5764 | D:4      | Noticed Crazy Yiuf
  5885 | D:5      | Entered Level 5 of the Dungeon
  6062 | D:5      | Reached skill level 10 in Unarmed Combat
  6275 | D:5      | Found Xaklyunn's Jewellery Boutique.
  6300 | D:5      | Found a hazy altar of Hepliaklqana.
  6594 | D:5      | Identified the +5 dire flail of Midnight {speed, Int+2
                  | Dex+2}
  7000 | D:5      | Found a staircase to the Ecumenical Temple.
  8164 | D:6      | Reached XP level 10. HP: 86/86 MP: 10/10
  8302 | D:6      | Noticed Eustachio
  8308 | D:6      | Killed Eustachio
  8416 | D:6      | Found a hide-covered altar of Uskayaw.
  8426 | D:6      | Reached skill level 10 in Dodging
  8465 | D:5      | Bought an amulet of guardian spirit for 450 gold pieces
  8570 | D:6      | Identified the +0 ring mail of Foallim {Rampage rF+ Str+4}
  9419 | D:6      | Found a shimmering blue altar of Sif Muna.
 10253 | D:7      | Reached skill level 11 in Fighting
 11000 | D:8      | Noticed Gelion's ghost (novice OpSh)
 11000 | D:8      | Found a runed translucent door.
 11014 | D:8      | Noticed a two-headed ogre
 11025 | D:8      | Killed a two-headed ogre
 11348 | D:8      | Reached XP level 11. HP: 88/93 MP: 11/11
 11784 | D:8      | Found a snail-covered altar of Cheibriados.
 11986 | D:9      | Found a glowing golden altar of the Shining One.
 12551 | D:9      | Noticed a two-headed ogre
 12746 | D:9      | Killed a two-headed ogre
 12985 | D:9      | Noticed a cyclops
 13694 | D:9      | Noticed a manticore
 13711 | D:9      | Reached skill level 12 in Fighting
 14149 | D:9      | Found a staircase to the Orcish Mines.
 14241 | D:9      | Noticed a cyclops
 14243 | D:9      | Noticed a deep elf pyromancer
 14255 | D:9      | Killed a cyclops
 14621 | D:9      | Killed a manticore
 14622 | D:9      | Reached skill level 10 in Shapeshifting
 14650 | D:9      | Noticed a radroach
 14651 | D:9      | a radroach changed into a death yak
 14651 | D:9      | Noticed a death yak (shapeshifter)
 14670 | D:9      | Noticed an azure jelly
 14674 | D:9      | Mangled by an azure jelly (shapeshifter)

Illustrated notes

Levels and vault maps discovered:
D:1:      ncdulo_wetmaze, layout_basic, shapermc_ecumenical_altar_notcrosses
D:2:      layout_loops_ring, minmay_tromino_v4_b, uniq_robin
D:3:      layout_basic, mainiacjoe_overflow_boulevard,
          mainiacjoe_overflow_chevrons
D:4:      layout_rooms, portal_sewer_entry_b, nicolae_shop_clearance,
          uniq_pikel, uniq_menkaure, uniq_crazy_yiuf_cottage
D:5:      lemuel_ratsnest, layout_layer_cave,
          nicolae_hepliaklqana_monster_ancestors,
          minmay_temple_entry_glassed_door, serial_shops, shop, minivault_14
D:6:      layout_cave_pools, mainiacjoe_overflow_alcove_4,
          nicolae_uskayaw_murder_on_the_dancefloor, serial_co_window_serial,
          co_window_paths_a, co_window_corner_a, co_window_of_opportunity_a,
          co_window_paths_a, co_window_paths_a, co_window_paths_b,
          co_window_cross_3, co_window_broadway_c, co_window_2corner,
          co_window_of_opportunity_b, co_window_corner_cb, co_window_2corner,
          co_window_unsneaky_path_b, glass_columns_a, glass_columns_a,
          glass_columns_b, glass_columns_a, glass_columns_a, uniq_eustachio
D:7:      nicolae_cairo_tiling_very_big, layout_basic, enter_bailey_7
D:8:      layout_basic, cheibriados_altar_1, hellmonk_ghost_happy_afterlife
D:9:      hangedman_cross_veins, layout_cave_pools,
          mainiacjoe_overflow_tiny_flanked, erik_orc_3, minmay_checkerbox

Skill      XL: |  1  2  3  4  5  6  7  8  9 10 11 |
---------------+----------------------------------+-----
Fighting       | 2 3 8 10 11 12 | 12.2
Dodging        | 3 8 9 10 11 | 11.4
Unarmed Combat | 4 8 9 10 11 | 11.6
Shapeshifting  | 4 7 8 9 10 | 10.0

Action                     |  1- 3 |  4- 6 |  7- 9 | 10-12 || total
---------------------------+-------+-------+-------+-------++-------
  Melee: Unarmed           |    97 |   158 |   184 |   401 ||   840
         Punch             |     4 |     9 |    14 |    35 ||    62
  Throw: Dart              |       |       |       |     5 ||     5
 Invoke: Potion Petition   |       |       |       |     2 ||     2
Ability: Hop               |       |     2 |       |     1 ||     3
  Evoke: Wand              |       |     4 |       |     8 ||    12
    Use: Potion            |       |     6 |     1 |       ||     7
         Scroll            |       |       |    13 |     5 ||    18
   Stab: Sleeping          |       |     9 |       |     2 ||    11
         Distracted        |       |     1 |       |     3 ||     4
         Invisible         |       |       |       |     2 ||     2
 Armour: Animal skin       |    13 |    25 |     8 |    16 ||    62
  Dodge: Dodged            |    62 |   127 |   131 |   353 ||   673

Table legend: (Time is in decaauts)
 A = Elapsed time spent in this place.
 B = Non-inter-level travel time spent in this place.
 C = Inter-level travel time spent in this place.
 D = Time resting spent in this place.
 E = Time spent auto-exploring this place.
 F = Levels seen in this place.
 G = Mean time per level.
                   A        B        C        D        E       F      G
               +--------+--------+--------+--------+--------+-----+--------+
         Total |  15982 |  15530 |    452 |   4686 |   7795 |  10 | 1598.2 |
       Dungeon |  15218 |  14766 |    452 |   4322 |   7531 |   9 | 1690.9 |
         Sewer |    764 |    764 |      0 |    364 |    263 |   1 |  764.0 |
               +--------+--------+--------+--------+--------+-----+--------+

Top non-repeatable levels by time:
     D:3: 2343 daAuts
     D:6: 2025 daAuts
     D:8: 2008 daAuts
     D:9: 1898 daAuts
     D:5: 1859 daAuts
     D:4: 1523 daAuts
     D:1: 1270 daAuts
     D:7: 1253 daAuts
     D:2: 1036 daAuts
   Sewer: 764 daAuts
